 Dungeon Crawl Stone Soup version 0.30-a0-585-g93115170b9 (webtiles) character file.

Game seed: 5356571329888629931

2937 bande the Chopper (level 9, -1/56 HPs)
             Began as a Gargoyle Fighter on Jan 2, 2023.
             Was a Follower of Okawaru.
             Killed by divine providence
             ... invoked by an orc priest
              (13 damage)
             ... on level 6 of the Dungeon.
             The game lasted 00:07:14 (4369 turns).

bande the Chopper (Gargoyle Fighter)                Turns: 4369, Time: 00:07:15

Health: -1/56      AC: 17    Str: 19      XL:     9   Next: 80%
Magic:  13/13      EV:  9    Int:  8 (10) God:    Okawaru [*.....]
Gold:   331        SH:  5    Dex: 13      Spells: 8/8 levels left

rFire   . . .      SeeInvis +    a - +1 war axe
rCold   . . .      Faith    .    c - +0 buckler
rNeg    + . .      Spirit   .    b - +0 scale mail
rPois   ∞          Reflect  .    v - +2 helmet
rElec   +          Harm     .    (no cloak)
rCorr   .          Rampage  .    (no gloves)
Will    .....                    (no boots) Stlth
                                 f - amulet of regeneration
HPRegen 1.09/turn                t - ring of see invisible
MPRegen 0.13/turn                (no ring)

@: studying Translocations
A: sickness immunity, AC +6, negative energy resistance 1, electricity
resistance, torment resistance 1, petrification resistance
a: Renounce Religion, Heroism


You were on level 6 of the Dungeon.
You worshipped Okawaru.
Okawaru was aware of your devotion.
You visited 2 branches of the dungeon, and saw 7 of its levels.

You collected 331 gold pieces.

Inventory:

Hand Weapons
 a - a +1 war axe (weapon)
 o - a +0 heavy flail
Missiles
 q - 2 throwing nets (quivered)
Armour
 b - a +0 scale mail (worn)
 c - a +0 buckler (worn)
 v - a +2 helmet (worn)
Jewellery
 f - an amulet of regeneration (around neck)
 j - an amulet of faith
 l - a ring of ice
 t - a ring of see invisible (left hand)
Wands
 i - a wand of light (9)
 u - a wand of roots (11)
Scrolls
 g - a scroll of identify
 x - 2 scrolls of amnesia
Potions
 d - 4 potions of might
 e - 2 potions of flight
 k - 2 potions of brilliance
 n - 2 potions of curing


   Skills:
 + Level 6.9 Fighting
 + Level 7.3 Axes
 + Level 7.0 Armour
 + Level 6.5 Shields
 + Level 4.8 Translocations
 * Level 6.3 Invocations
 * Level 6.3 Evocations


You had 8 spell levels left.
You didn't know any spells.
Your spell library contained the following spells:

 Spells                   Type           Power      Damage    Failure   Level
 Kiss of Death            Conj/Necr      0%         2d5       83%         1
 Vhi's Electric Charge    Tloc/Air       6%         N/A       86%         3
 Static Discharge         Conj/Air       0%         2-2/arc   92%         2
 Confusing Touch          Hex            0%         N/A       99%         3
 Frozen Ramparts          Ice            0%         1d1       99%         3
 Dispel Undead            Necr           0%         3d6       100%        4
 Ice Form                 Ice/Tmut       0%         N/A       100%        4
 Arcjolt                  Conj/Air       0%         1d10      100%        5
 Lightning Bolt           Conj/Air       0%         1d11      100%        5
 Summon Ice Beast         Ice/Summ       Unusable   N/A       N/A         4

Dungeon Overview and Level Annotations

Branches:
Dungeon (6/15)             Temple (1/1) D:5

Altars:
Ashenzari
Elyvilon
Fedhas
Hepliaklqana
Okawaru
Qazlal
Ru
Trog
Uskayaw
Vehumet
Xom
Yredelemnul
Zin
The Shining One


Innate Abilities, Weirdness & Mutations

You are immune to sickness and miasma.
Your stone body is resilient. (AC +6)
You are immune to poison.
You resist negative energy. (rN+)
You are resistant to electric shocks. (rElec)
You are resistant to unholy torment.
You are immune to petrification.


Message History

You are too injured to fight recklessly!
You are too injured to fight recklessly!
You are too injured to fight recklessly!
You are too injured to fight recklessly!
You are too injured to fight recklessly!
You are too injured to fight recklessly!
You are too injured to fight recklessly!
You are too injured to fight recklessly!
You barely miss the orc priest.
The orc priest is moderately wounded.
You barely miss the orc. You block the orc's attack.
The orc priest invokes the aid of Beogh against you.
Beogh smites you!
* * * LOW HITPOINT WARNING * * *
You hit the orc priest.
The orc priest is severely wounded.
You closely miss the orc. The orc hits you but does no damage.
The orc priest barely misses you.
You barely miss the orc priest.
The orc priest is severely wounded.
You barely miss the orc. The orc closely misses you.
The orc priest hits you but does no damage.
The orc priest invokes the aid of Beogh against you.
You struggle to resist.
You block the orc's attack.
You closely miss the orc priest.
The orc priest is severely wounded.
You barely miss the orc. The orc hits you but does no damage.
You block the orc priest's attack.
You barely miss the orc priest.
The orc priest is severely wounded.
You slash the orc!
You kill the orc!
The orc priest calls down the wrath of Beogh upon you.
Beogh smites you!
* * * LOW HITPOINT WARNING * * *
You hit the orc priest but do no damage.
The orc priest is severely wounded.
The orc priest invokes the aid of Beogh against you.
Beogh smites you!
You die...

#.....>..............
#...................
#..................
#...<.............
##................
##................#
##...............#
##..............##
##...@).........#
##..o))..........
###.............#
#...............# .
....#####....<....#..
..### #........#... .
#............
#.........[##
#...##o...###


You could see an orc priest.

Vanquished Creatures
  A water moccasin (D:5)
  2 black bears (D:5)
  An ice beast (D:5)
  A phantom (D:6)
  3 scorpions
  A howler monkey (D:5)
  7 hounds
  A gnoll bouda (D:5)
  3 orc priests
  A hell rat (D:5)
  4 iguanas
  An orc wizard (D:6)
  7 gnolls
  7 adders
  18 river rats (D:5)
  A worm (D:5)
  10 orcs
  8 endoplasms
  A giant cockroach (D:3)
  6 goblins
  7 hobgoblins
  3 jackals (D:4)
  4 quokkas
  4 ball pythons
  5 bats
  5 frilled lizards
  8 kobolds
  5 rats
125 creatures vanquished.

Vanquished Creatures (others)
  3 demonic plants (D:3)
  2 fungi (D:3)
  9 plants
  A withered plant (D:3)
15 creatures vanquished.

Grand Total: 140 creatures vanquished

Notes
Turn   | Place    | Note
-------+----------+-------------------------------------------
     0 | D:1      | bande the Gargoyle Fighter began the quest for the Orb.
     0 | D:1      | Reached XP level 1. HP: 14/14 MP: 1/1
   158 | D:1      | Reached XP level 2. HP: 19/19 MP: 2/2
   588 | D:2      | Identified the +9 long sword of the Sea {freeze, rPois rC-
                  | Int+4}
   699 | D:2      | Reached XP level 3. HP: 24/24 MP: 3/3
   743 | D:2      | Found a bloodstained altar of Trog.
   877 | D:2      | Reached XP level 4. HP: 29/29 MP: 4/4
  1203 | D:3      | Reached skill level 1 in Evocations
  1203 | D:3      | Reached XP level 5. HP: 31/33 MP: 0/5
  1324 | D:3      | Found a faded altar of an unknown god.
  1652 | D:4      | Reached XP level 6. HP: 31/38 MP: 6/6
  1677 | D:4      | Found the +7 Kryia's mail coat {PotionHeal*2 rC+}
  2327 | D:5      | Entered Level 5 of the Dungeon
  2393 | D:5      | Reached XP level 7. HP: 43/44 MP: 7/7
  2483 | D:5      | Reached skill level 5 in Axes
  2542 | D:5      | Reached skill level 5 in Armour
  2546 | D:5      | Reached XP level 8. HP: 36/48 MP: 8/8
  2673 | D:5      | Found a staircase to the Ecumenical Temple.
  2694 | Temple   | Entered the Ecumenical Temple
  2727 | Temple   | Became a worshipper of Warmaster Okawaru
  2922 | D:5      | Found a bloodstained altar of Trog.
  3078 | D:5      | Reached skill level 5 in Fighting
  3203 | D:5      | Found the +2 ratskin cloak {*Rats rPois rN+ Str-1 Int-1
                  | Dex+1}
  3259 | D:5      | Reached skill level 1 in Invocations
  3369 | D:5      | Found a stormy altar of Qazlal.
  3883 | D:5      | HP: 1/49 [black bear (5)]
  3885 | D:5      | Reached * piety under Okawaru
  4231 | D:5      | Identified a scroll of acquirement
  4231 | D:5      | Acquired a manual of Translocations
  4320 | D:5      | Reached XP level 9. HP: 56/56 MP: 9/13
  4369 | D:6      | Killed from afar by an orc priest

Illustrated notes

Levels and vault maps discovered:
D:1:      giann_wishing_wells, layout_rooms, serial_bayou_lake_a
D:2:      layout_basic, basic_altar, minmay_pentomino_x2
D:3:      layout_rooms, shapermc_ecumenical_altar_gd, skrybe_limestone_x
D:4:      layout_loops_ring, lemuel_flame_loot_1
D:5:      wander_guarded_unrand_ratskin, layout_basic, kennysheep_mini,
          nicolae_qazlal_scattered_showers, temple_statues, minmay_between
D:6:      layout_layer_cave, serial_shops, shop
Temple:   minmay_temple_bridge_abc

Skill      XL: |  1  2  3  4  5  6  7  8  9 |
---------------+----------------------------+-----
Axes           | 2 3 4 5 7 |  7.3
Evocations     | 1 2 3 6 |  6.3
Armour         | 4 5 6 7 |  7.0
Fighting       | 4 6 |  6.9
Shields        | 4 6 |  6.5
Invocations    | 6 |  6.3
Translocations | 4 |  4.8

Action                   |  1- 3 |  4- 6 |  7- 9 || total
-------------------------+-------+-------+-------++-------
Melee: War axe           |   102 |   161 |   232 ||   495
  Use: Scroll            |       |       |     7 ||     7
       Potion            |       |       |     7 ||     7
Armor: Scale mail        |    56 |    97 |   179 ||   332
Dodge: Dodged            |    50 |    70 |   138 ||   258
Block: Buckler           |    25 |    31 |    64 ||   120

Table legend: (Time is in decaauts)
 A = Elapsed time spent in this place.
 B = Non-inter-level travel time spent in this place.
 C = Inter-level travel time spent in this place.
 D = Time resting spent in this place.
 E = Time spent auto-exploring this place.
 F = Levels seen in this place.
 G = Mean time per level.
                   A        B        C        D        E       F      G
               +--------+--------+--------+--------+--------+-----+--------+
         Total |   4536 |   4351 |    185 |    504 |   2707 |   7 |  648.0 |
       Dungeon |   4315 |   4130 |    185 |    504 |   2510 |   6 |  719.2 |
        Temple |    220 |    220 |      0 |      0 |    197 |   1 |  220.0 |
               +--------+--------+--------+--------+--------+-----+--------+

Top non-repeatable levels by time:
     D:5: 1788 daAuts
     D:4: 758 daAuts
     D:1: 627 daAuts
     D:3: 546 daAuts
     D:2: 520 daAuts
  Temple: 220 daAuts
     D:6: 73 daAuts
